 Dungeon Crawl Stone Soup version 0.30-b1-2-g02819fbbbe (webtiles) character file.

Game seed: 12455158086894392286

1838 Mesmaeker13 the Fighter (level 9, -4/75 HPs)
             Began as a Barachi Hunter on June 20, 2023.
             Was a Believer of Cheibriados.
             Slain by a yak (7 damage)
             ... on level 10 of the Dungeon.
             The game lasted 00:06:40 (4179 turns).

Mesmaeker13 the Fighter (Barachi Hunter)            Turns: 4179, Time: 00:06:41

Health: -4/75      AC: 13    Str: 23    XL:     9   Next: 11%
Magic:  0/0        EV: 19    Int: 12    God:    Cheibriados [**....]
Gold:   311        SH:  0    Dex: 27    Spells: 8/8 levels left

rFire   + . .        y - +6 mace "Yllint" {protect, *Corrode MP-9 Str+9 Dex+3}
rCold   . . .        (no shield)
rNeg    . . .        r - +0 leather armour {rF+}
rPois   +            c - +2 helmet
rElec   .            (no cloak)
rCorr   .            (no gloves)
SInv    .            (no boots)
Will    .....        j - amulet of guardian spirit
Stlth   ++           (no ring)
HPRegen 0.32/turn    (no ring)
MPRegen 0.07/turn

%: corrode self (3%), guardian spirit
@: brilliant, under a protective aura, studying Conjurations, very slow
A: amphibious, slowness 1, strong legs 1, +LOS, dopey 1, high MP 1, poison
resistance, weak 1
a: Hop, Renounce Religion, Bend Time


You were on level 10 of the Dungeon.
You worshipped Cheibriados.
Cheibriados was pleased with you.
You visited 1 branch of the dungeon, and saw 8 of its levels.

You collected 311 gold pieces.

Inventory:

Hand Weapons
 a - a +0 shortbow
 g - a +0 spear
 y - the +6 mace "Yllint" (weapon) {protect, *Corrode MP-9 Str+9 Dex+3}
   (You found it on level 9 of the Dungeon)

   Str:       It affects your strength (+9).
   Dex:       It affects your dexterity (+3).
   MP:        It affects your magic capacity (-9).
   *Corrode:  It may corrode you when you take damage.
Armour
 c - a +2 helmet (worn)
 r - a +0 leather armour of fire resistance (worn)
 v - a +3 ring mail
Jewellery
 j - an amulet of guardian spirit (around neck)
Wands
 d - a wand of paralysis (7)
 l - a wand of quicksilver (11)
Scrolls
 b - 4 scrolls of immolation
 f - 2 scrolls of teleportation {unknown}
 i - 2 scrolls of magic mapping
 n - 2 scrolls of vulnerability {unknown}
 p - a scroll of enchant weapon {unknown}
 t - 2 scrolls of noise
 u - a scroll of amnesia {unknown}
 x - a scroll of enchant armour {unknown}
Potions
 e - a potion of heal wounds {unknown}
 h - a potion of ambrosia
 k - 2 potions of mutation
 o - a potion of brilliance
 q - a potion of might {unknown}
 s - 2 potions of curing {unknown}
 w - a potion of cancellation {unknown}


   Skills:
 + Level 8.3 Fighting
 + Level 7.8 Ranged Weapons
 + Level 7.5 Dodging
 - Level 0.8 Stealth


You had 8 spell levels left.
You didn't know any spells.
Your spell library contained the following spells:

 Spells                   Type           Power      Damage    Failure   Level
 Slow                     Hex            0%         N/A       36%         1
 Sting                    Tmut/Pois      0%         1d3       36%         1
 Poisonous Vapours        Pois/Air       0%         N/A       50%         2
 Confusing Touch          Hex            0%         N/A       75%         3
 Dazzling Flash           Conj/Hex       0%         N/A       75%         3
 Vampiric Draining        Necr           0%         2d6       75%         3
 Olgreb's Toxic Radiance  Pois           0%         N/A       98%         4
 Agony                    Necr           0%         N/A       100%        5
 Silence                  Hex/Air        0%         N/A       100%        5


Dungeon Overview and Level Annotations

Branches:
Dungeon (10/15)            Temple (0/1) D:4
   Lair: D:8-11         Orc: D:9-12

Altars:
Ashenzari
Cheibriados
Fedhas
Uskayaw
Wu Jian
Xom

Shops:
D:3 :!

Annotations:
D:4 3 runed translucent doors, HumbleHazard's ghost, novice HOFi
D:9 1 runed translucent door, craig's ghost, novice GnFi


Innate Abilities, Weirdness & Mutations

You are amphibious.
You cover ground slowly.
You can hop short distances.
You have an extended range of vision and can be seen from far away.
You are dopey. (Int -2)
You have an increased reservoir of magic. (+10% MP)
Your system is resistant to poisons. (rPois)
You are weak. (Str -2)


Message History

The troll bites you!
* * * LOW HITPOINT WARNING * * *
The troll claws you.
* * * LOW HITPOINT WARNING * * *
The troll completely misses you.
You're too confused to move!
The yak gores you.
* * * LOW HITPOINT WARNING * * *
The troll bites you!
* * * LOW HITPOINT WARNING * * *
The troll barely misses you. The troll claws you but does no damage.
Unknown command.
You bump into the rock wall.
The yak closely misses you. The troll bites you but does no damage.
The troll misses you. The troll completely misses you.
Unknown command.
Unknown command.
Unknown command.
Unknown command.
You sock the troll!
Your weapon exudes an aura of protection.
The troll is moderately wounded.
You feel less invigorated.
You feel less confused. The yak misses you. The troll closely misses you.
The troll claws you.
* * * LOW HITPOINT WARNING * * *
The troll closely misses you. The yak barely misses you.
Unknown command.
Unknown command.
Unknown command.
You sock the troll!
The troll is heavily wounded.
The troll closely misses you. The troll barely misses you. x2
The yak closely misses you. The troll barely misses you.
The troll claws you but does no damage. The troll claws you.
* * * LOW HITPOINT WARNING * * *
Unknown command.
It was a potion of brilliance.
You feel clever all of a sudden. The yak gores you!
You die...

## .. #.
#.
#######.##
.....?.T@#
...:$...Y#
##########


You could see a yak and a troll.

Vanquished Creatures
  5 yaks (D:9)
  A steam dragon (D:9)
  A water moccasin (D:5)
  An ice beast (D:6)
  A black bear (D:5)
  2 centaurs
  A bullfrog (D:5)
  2 scorpions
  A jelly (D:6)
  A killer bee (D:9)
  A hound (D:4)
  2 orc priests
  An iguana (D:4)
  Robin (D:4)
  3 adders
  A shadow imp (D:6)
  A white imp (D:6)
  A worm (D:4)
  A dart slug (D:2)
  12 orcs
  5 endoplasms
  A giant cockroach (D:4)
  17 goblins
  6 hobgoblins
  4 jackals (D:1)
  3 quokkas
  7 ball pythons
  4 bats
  2 frilled lizards
  3 kobolds
  7 rats (D:1)
99 creatures vanquished.

Vanquished Creatures (others)
  An orc wizard (D:9)
  2 fungi (D:2)
  A plant (D:2)
4 creatures vanquished.

Grand Total: 103 creatures vanquished

Notes
Turn   | Place    | Note
-------+----------+-------------------------------------------
     0 | D:1      | Mesmaeker13 the Barachi Hunter began the quest for the Orb.
     0 | D:1      | Reached XP level 1. HP: 17/17 MP: 1/1
   241 | D:1      | Reached XP level 2. HP: 23/23 MP: 2/2
   422 | D:1      | Reached skill level 3 in Fighting
   516 | D:1      | Reached XP level 3. HP: 29/29 MP: 3/3
   964 | D:2      | Found a faded altar of an unknown god.
  1429 | D:3      | Found Kebruposi's Book Boutique.
  1535 | D:3      | Reached XP level 4. HP: 27/35 MP: 2/4
  1668 | D:3      | Found a blossoming altar of Fedhas.
  1675 | D:3      | Found a snail-covered altar of Cheibriados.
  1678 | D:3      | Found a hide-covered altar of Uskayaw.
  1678 | D:3      | Found a shimmering altar of Xom.
  1680 | D:3      | Became a worshipper of Cheibriados the Contemplative
  1687 | D:3      | Found an ornate altar of the Wu Jian Council.
  1873 | D:3      | Found Qytabiy's Distillery.
  2199 | D:4      | Reached skill level 4 in Fighting
  2236 | D:4      | Reached XP level 5. HP: 27/42 MP: 2/5
  2325 | D:4      | Found a staircase to the Ecumenical Temple.
  2358 | D:4      | Noticed Robin
  2389 | D:4      | Reached * piety under Cheibriados
  2394 | D:4      | Killed Robin
  2395 | D:4      | Reached skill level 5 in Ranged Weapons
  2580 | D:4      | Found a runed translucent gate.
  2588 | D:4      | Found a runed translucent gate.
  2588 | D:4      | Found a runed translucent gate.
  2671 | D:4      | Noticed HumbleHazard's ghost (novice HOFi)
  2792 | D:5      | Entered Level 5 of the Dungeon
  2792 | D:5      | Noticed a vampire
  2809 | D:5      | Reached XP level 6. HP: 45/49 MP: 6/6
  2818 | D:5      | Noticed a water moccasin
  2828 | D:5      | Killed a water moccasin
  2829 | D:5      | Reached skill level 5 in Fighting
  3033 | D:5      | Noticed a black bear
  3046 | D:5      | Killed a black bear
  3047 | D:5      | Reached skill level 5 in Dodging
  3047 | D:5      | Reached XP level 7. HP: 44/56 MP: 4/7
  3549 | D:6      | Reached skill level 6 in Fighting
  3594 | D:6      | Reached XP level 8. HP: 23/65 MP: 5/8
  3794 | D:6      | You fall into a shaft and drop 3 floors!
  3900 | D:9      | Noticed craig's ghost (novice GnFi)
  3902 | D:9      | Found a runed translucent door.
  3920 | D:9      | Identified the +6 mace "Yllint" {protect, *Corrode MP-9
                  | Str+9 Dex+3}
  3933 | D:9      | Noticed a yak
  3933 | D:9      | Noticed a yak
  3933 | D:9      | Noticed a yak
  3933 | D:9      | Noticed a yak
  3933 | D:9      | Noticed a yak
  3941 | D:9      | Killed a yak
  3942 | D:9      | Reached skill level 7 in Fighting
  3953 | D:9      | Killed a yak
  3953 | D:9      | Reached ** piety under Cheibriados
  3958 | D:9      | Killed a yak
  3961 | D:9      | Killed a yak
  3962 | D:9      | Reached skill level 8 in Fighting
  3967 | D:9      | Killed a yak
  3968 | D:9      | Reached XP level 9. HP: 44/74 MP: 0/9
  4138 | D:9      | Found a broken altar of Ashenzari.
  4150 | D:9      | Gained mutation: You are weak. (Str -2) [potion of
                  | mutation]
  4150 | D:9      | Gained mutation: You have an increased reservoir of magic.
                  | (+10% MP) [potion of mutation]
  4150 | D:9      | Gained mutation: You are dopey. (Int -2) [potion of
                  | mutation]
  4150 | D:9      | Gained mutation: Your system is resistant to poisons.
                  | (rPois) [potion of mutation]
  4171 | D:10     | Entered Level 10 of the Dungeon
  4171 | D:10     | Noticed a troll
  4175 | D:10     | HP: 2/75 [troll (16)]
  4179 | D:10     | Slain by a yak

Illustrated notes

Levels and vault maps discovered:
D:1:      lightli_arrival_chessboard, layout_basic, minmay_misc_feat_nine_boxes,
          minmay_rat_gold_closets
D:2:      layout_basic, dreamdust_ecumenical_altar_grove
D:3:      layout_basic, nicolae_overflow_hallway_of_the_gods, serial_shops,
          nicolae_book_shop_shelving, shop
D:4:      layout_cave_pools, minmay_temple_entry_slanted, gammafunk_ghost_icy,
          uniq_robin
D:5:      layout_cave_pods
D:6:      layout_gridville, mainiacjoe_overflow_24_doors, st_stairs_2
D:9:      layout_roguey, overflow_temple_1_default,
          mainiacjoe_overflow_small_starburst, hellmonk_ghost_happy_afterlife,
          uniq_pikel, uniq_grum
D:10:     layout_basic, ebering_ghost_rock_garden, uniq_snorg

Skill      XL: |  1  2  3  4  5  6  7  8 |
---------------+-------------------------+-----
Fighting       | 3 4 5 6 8 |  8.3
Dodging        | 3 4 5 7 |  7.5
Ranged Weapons | 5 6 7 |  7.8
Stealth        | |  0.8

Action                     |  1- 3 |  4- 6 |  7- 9 || total
---------------------------+-------+-------+-------++-------
  Melee: Spear             |       |       |    19 ||    19
         Mace              |       |       |    42 ||    42
         Punch             |       |       |     2 ||     2
   Fire: Shortbow          |   101 |   127 |    76 ||   304
Ability: Hop               |       |     1 |     1 ||     2
  Evoke: Wand              |     1 |       |     3 ||     4
    Use: Scroll            |       |     3 |     1 ||     4
         Potion            |       |       |     3 ||     3
   Stab: Paralysed         |       |       |     6 ||     6
 Armour: Leather armour    |     7 |    19 |    41 ||    67
  Dodge: Dodged            |    22 |    58 |   153 ||   233
